 Dungeon Crawl Stone Soup version 0.31.0-12-g77e489cdc1 (webtiles) character file.

Game seed: 9250914447866434203

9 KennySheep the Chopper (level 2, 27/27 HPs)
             Began as a Hill Orc Monk on Mar 2, 2024.
             Was a Follower of Yredelemnul.
             Got out of the dungeon alive.
             The game lasted 00:01:08 (456 turns).

KennySheep the Chopper (Hill Orc Monk)               Turns: 456, Time: 00:01:09

Health: 27/27      AC:  3    Str: 13    XL:     2   Next: 12%
Magic:  2/2        EV: 12    Int: 10    God:    Yredelemnul [*.....]
Gold:   35         SH:  0    Dex: 13    Spells: 1/1 levels left

rFire   . . .        a - +0 hand axe
rCold   . . .        d - orb {light}
rNeg    . . .        b - +0 robe
rPois   .            (no helmet)
rElec   .            i - +0 cloak
rCorr   .            (no gloves)
SInv    .            (no boots)
Will    .....        (no amulet)
Stlth   +            (no ring)
HPRegen 0.24/turn    (no ring)
MPRegen 0.08/turn

%: no passive effects
@: glowing
A: no striking features
a: Renounce Religion, Recall Undead Harvest


You escaped.
You worshipped Yredelemnul.
Yredelemnul was noncommittal.
You visited 1 branch of the dungeon, and saw 1 of its levels.

You collected 35 gold pieces.

Inventory:

Hand Weapons
 a - a +0 hand axe (weapon)
Armour
 b - a +0 robe (worn)
 d - an orb of light (worn)
 i - a +0 cloak (worn)
Scrolls
 g - a scroll of blinking {unknown}
 h - a scroll of fog {unknown}
Potions
 c - a potion of ambrosia
 e - a potion of mutation {unknown}
 f - a potion of brilliance {unknown}


   Skills:
 + Level 3.8 Fighting
 * Level 4.4 Axes
 + Level 0.6 Armour
 - Level 2.4 Dodging


You had one spell level left.
You didn't know any spells.
Your spell library contained the following spells:

 Spells                   Type           Power      Damage    Failure   Level
 Summon Small Mammal      Summ           0%         N/A       36%         1
 Call Canine Familiar     Summ           0%         N/A       75%         3
 Summon Blazeheart Golem  Fire/Summ      0%         N/A       98%         4


Dungeon Overview and Level Annotations

Branches:
Dungeon (1/15)

Altars:
Yredelemnul


Message History

You hit the kobold.
You kill the kobold!
No target in view!
HP restored.
You now have 28 gold pieces (gained 5).
Found a stone staircase leading down.
You pick up a book of Callings and begin reading...
You add the spells Summon Small Mammal, Call Canine Familiar and Summon Blazeheart Golem to your library.
An endoplasm comes into view.
The endoplasm quivers.
You hit the endoplasm.
The endoplasm is severely wounded.
The endoplasm hits you.
You hit the endoplasm.
You kill the endoplasm!
No target in view!
You now have 35 gold pieces (gained 7).
Found an escape hatch in the floor.
Found a stone staircase leading down.
Found a short sword.
Found a faded altar of an unknown god.
No target in view!
No target in view!
No target in view!
Found 17 gold pieces.
There is a faded altar of an unknown god here.
You see here a -1 short sword.
This altar belongs to (a) Gozag, (b) Yredelemnul or (c) Beogh, but you can't tell which.
Press the corresponding letter to learn more about a god, or press enter to convert or escape to cancel.
Yredelemnul accepts your prayer! Yredelemnul welcomes you!
You can now trade souls for undead servants.
You can now reap souls.
You can now recall your undead harvest.
Okay, then.
You swap places.
You swap places.
You see here a ball python corpse.
You see here 4 stones.
You see here a +0 mace.
There is an open door here.
There is a staircase leading out of the dungeon here.
You have escaped!

###.#.### ###.#.#
......# ###.###
.############
#.Z.Z..##...##
#.###..ZZZ#Z.######
#.#..#.####..#.Z..#
..#..#.+ #..'ZZ@.#
#..#'#.#.....#.Z..#
#.#..#.####..######
#.#..#.. ....#
##############


You could see 3 friendly bat zombies and a friendly adder zombie.

Vanquished Creatures
  A dart slug (D:1)
  An endoplasm (D:1)
  A hobgoblin (D:1)
  3 ball pythons (D:1)
  A kobold (D:1)
7 creatures vanquished.

Notes
Turn   | Place    | Note
-------+----------+-------------------------------------------
     0 | D:1      | KennySheep the Hill Orc Monk began the quest for the Orb.
     0 | D:1      | Reached XP level 1. HP: 19/19 MP: 1/1
   182 | D:1      | Reached XP level 2. HP: 12/27 MP: 2/2
   320 | D:1      | Found a faded altar of an unknown god.
   327 | D:1      | Prayed at the altar of an unknown god.
   327 | D:1      | Became a worshipper of Yredelemnul the Dark
   327 | D:1      | Reached * piety under Yredelemnul
   327 | D:1      | Reached ** piety under Yredelemnul
   456 | D:$      | Got out of the dungeon alive.

Illustrated notes

Levels and vault maps discovered:
D:1:      dpeg_arrival_erosion, layout_loops_ring, ebering_ecumenical_altar_rust

Action                     || total
---------------------------++-------
  Melee: Hand axe          ||    17
 Armour: Robe              ||    13
  Dodge: Dodged            ||    10
